[Event "Titled Tuesday Blitz May 25 2021"]
[White "Chernov, Alexander A."]
[Black "kleopl"]
[WhiteFideId "4152492"]
[WhiteElo "1930"]
[BlackElo "2482"]
[Result "0-1"]
[Round "10"]
[TimeControl "180+1"]
[Date "2021.05.25"]
[WhiteClock "0:00:01"]
[BlackClock "0:00:19"]

1. Nf3 d6 2. g3 c5 3. Bg2 Nc6 4. O-O e5 5. d3 g6 6. c4 Bg7 7. Nc3 Nge7 8. Ne1 O-O 9. Nc2 f5 10. Ne3 Be6 11. Ned5 Rb8 12. Bd2 a6 13. Nxe7+ Nxe7 14. a4 Qd7 15. a5 Nc6 16. Nd5 e4 17. Bc3 exd3 18. Qxd3 Ne5 19. Qc2 Qf7 20. b3 Rfd8 21. Rad1 h5 22. Nf4 Kh7 23. h4 Qe7 24. Bd5 Bxd5 25. Rxd5 Nc6 26. Bxg7 Nb4 27. Qc3 Nxd5 28. cxd5 Qxg7 29. Qxg7+ Kxg7 30. Ne6+ Kf6 31. Nxd8 Rxd8 32. f4 Re8 33. Kf2 Re4 34. Rc1 Rd4 35. Rc4 Rxd5 36. e4 Rd4 37. e5+ Ke6 38. Rc3 dxe5 39. Rxc5 exf4 40. Rc7 fxg3+ 41. Kxg3 Rd3+ 42. Kf4 Rxb3 43. Rg7 Rb4+ 44. Kf3 Kf6 45. Rc7 Rb5 46. Kf4 Rxa5 47. Rxb7 Ra4+ 48. Kg3 a5 49. Kh3 Ra3+ 50. Kg2 f4 0-1


[Site "https://www.chess.com"]

[Event "Titled Tuesday Blitz May 25 2021"]
[White "Dang, Hoang Son"]
[Black "Lazavik, Denis"]
[WhiteFideId "12402435"]
[BlackFideId "13515110"]
[WhiteElo "2248"]
[BlackElo "2436"]
[Result "1-0"]
[Round "10"]
[TimeControl "180+1"]
[Date "2021.05.25"]
[WhiteClock "0:00:09"]
[BlackClock "0:00:06"]

1. d4 Nf6 2. c4 e6 3. Nf3 d5 4. g3 Be7 5. Bg2 O-O 6. O-O dxc4 7. Qc2 a6 8. Qxc4 b5 9. Qc2 Bb7 10. Bd2 Be4 11. Qc1 Bb7 12. Rd1 Bd6 13. a3 Qe7 14. b4 Nbd7 15. Bg5 h6 16. Bd2 e5 17. dxe5 Nxe5 18. Nc3 Nxf3+ 19. exf3 c5 20. Bxh6 gxh6 21. Qxh6 Rfd8 22. Re1 Qf8 23. Qxf6 cxb4 24. axb4 Qg7 25. Qxg7+ Kxg7 26. Rab1 Rac8 27. Ne4 Bf8 28. f4 Rc4 29. Ng5 Bxg2 30. Kxg2 Rxb4 31. Ra1 Ra4 32. Rad1 Rad4 33. Rc1 b4 34. Rc6 R4d6 35. Rc7 R8d7 36. Rc8 Rd8 37. Rc7 R6d7 38. Rc4 b3 39. Rb1 Rb7 40. Ra4 Rb6 41. Rb2 Rc8 42. Nf3 a5 43. Nd4 Rc3 44. Rxa5 Rd3 45. Nf5+ Kg8 46. Ne3 Rc3 47. Nd5 Rc2 48. Rb1 Rd6 49. Rxb3 Re6 50. Re3 Rd6 51. Re8 Kg7 52. f5 f6 53. Nf4 Kf7 54. Rb8 Be7 55. Ra7 Rdd2 56. Ng6 Rxf2+ 57. Kh3 Rxh2+ 58. Kg4 Rc4+ 59. Nf4 Rf2 60. Rbb7 Re4 61. Kh3 Rf3 62. Ng6 Rxf5 63. Nxe7 Rh5+ 64. Kg2 Ke6 65. Ng6 Rb5 66. Nf4+ Rxf4 67. gxf4 Rc5 68. Kg3 Kf5 69. Rb3 Rc4 70. Ra5+ Kg6 71. Rb6 Rc1 72. Raa6 Rg1+ 73. Kf2 Rb1 74. Rxf6+ Kh5 75. Rg6 Kh4 76. Rg8 Rb2+ 77. Ke3 Rb3+ 78. Ke2 Rb2+ 79. Kd3 Rb3+ 80. Kc2 Rb6 81. Rxb6 1-0


[Site "https://www.chess.com"]

[Event "Titled Tuesday Blitz May 25 2021"]
[White "Diaz Camallonga, Carles"]
[Black "Papasimakopoulos, Alexandros"]
[WhiteFideId "22235256"]
[BlackFideId "4244125"]
[WhiteElo "2438"]
[BlackElo "2352"]
[Result "0-1"]
[Round "10"]
[TimeControl "180+1"]
[Date "2021.05.25"]
[WhiteClock "0:00:14"]
[BlackClock "0:00:18"]

1. e4 e6 2. d4 d5 3. Nc3 Bb4 4. e5 b6 5. Bb5+ Bd7 6. Bd3 Bc8 7. Qg4 Bf8 8. h4 Ba6 9. Bxa6 Nxa6 10. h5 Nb4 11. Qe2 c5 12. Nf3 h6 13. Be3 Nc6 14. O-O-O c4 15. g4 Bb4 16. Bd2 Bxc3 17. Bxc3 b5 18. Bd2 b4 19. Be3 Nge7 20. Nh4 a5 21. f4 a4 22. Kd2 Qa5 23. Ke1 g6 24. Kf2 gxh5 25. gxh5 Kd7 26. Rhg1 Rag8 27. f5 exf5 28. Qf3 Ke6 29. Ng2 Nd8 30. Nf4+ Kd7 31. e6+ Nxe6 32. Nxe6 fxe6 33. Bf4 c3 34. bxc3 bxc3 35. Be5 Rxg1 36. Rxg1 Rg8 37. Rxg8 Nxg8 38. Qg3 Qd8 39. Qxc3 Qh4+ 40. Ke2 Qxh5+ 41. Kd2 Ne7 42. Qc7+ Ke8 43. Bd6 Qg5+ 44. Kd3 h5 45. Qa7 h4 46. Qxa4+ Kf7 47. Qd7 h3 48. a4 f4 49. a5 h2 50. Bxe7 Qxe7 0-1


[Site "https://www.chess.com"]

[Event "Titled Tuesday Blitz May 25 2021"]
[White "Djordjevic, Vuk"]
[Black "Perez, Maximiliano"]
[WhiteFideId "902098"]
[BlackFideId "117234"]
[WhiteElo "2463"]
[BlackElo "2368"]
[Result "1/2-1/2"]
[Round "10"]
[TimeControl "180+1"]
[Date "2021.05.25"]
[WhiteClock "0:00:07"]
[BlackClock "0:00:12"]

1. d4 Nf6 2. Bg5 c5 3. Bxf6 gxf6 4. dxc5 e6 5. Nd2 Bxc5 6. Ne4 Bb4+ 7. c3 Be7 8. Nd6+ Kf8 9. Qd2 Na6 10. e3 Qb6 11. O-O-O Bxd6 12. Qxd6+ Qxd6 13. Rxd6 Ke7 14. Rd4 b6 15. e4 Bb7 16. Nh3 Rhc8 17. Bb5 Rc7 18. f3 Nc5 19. Rhd1 d5 20. exd5 Bxd5 21. Rxd5 exd5 22. Nf4 Kf8 23. Nxd5 Rcc8 24. Nxf6 Kg7 25. Rd6 Ne6 26. Nh5+ Kf8 27. Rd5 Rc5 28. Nf6 Ke7 29. Rxc5 bxc5 30. Ne4 Rg8 31. g4 h5 32. Be2 Nf4 33. Bd1 c4 34. Ng3 hxg4 35. fxg4 Rh8 36. h4 Kf6 37. h5 Ke5 38. Nf5 Rd8 39. Ne3 Nd3+ 40. Kc2 Ne1+ 41. Kc1 Nd3+ 42. Kb1 Rc8 43. Be2 Kf4 44. Nd5+ Kg3 45. Ne7 Re8 46. Nf5+ Kf2 47. Bd1 Ke1 48. Kc2 Rd8 49. b3 Nf2 50. Bf3 Rd2+ 51. Kb1 cxb3 52. axb3 Nd3 53. Nd4 Rb2+ 54. Ka1 Kd2 55. Be4 Kxc3 56. Bxd3 Rd2 57. Bc4 Rxd4 58. g5 Rh4 59. h6 Rh5 60. Bxf7 Rxg5 61. h7 Rg1+ 62. Ka2 Rh1 63. Bg8 Kb4 64. Kb2 Rh2+ 65. Kc1 Kc3 66. Kd1 a5 67. Ke1 Rh6 68. Kf2 Kb4 69. Kf3 Rxh7 70. Bxh7 Kxb3 71. Bg8+ Kb4 72. Ke3 Kc3 73. Ke2 a4 74. Kd1 Kb2 75. Kd2 a3 76. Bc4 a2 77. Bxa2 1/2-1/2


[Site "https://www.chess.com"]

[Event "Titled Tuesday Blitz May 25 2021"]
[White "Dobre, Claudiu-Cristian"]
[Black "Spyropoulos, Nikolaos"]
[WhiteFideId "1211854"]
[BlackFideId "4298977"]
[WhiteElo "2230"]
[BlackElo "2159"]
[Result "0-1"]
[Round "10"]
[TimeControl "180+1"]
[Date "2021.05.25"]
[WhiteClock "0:00:01"]
[BlackClock "0:01:21"]

1. c4 e6 2. Nc3 f5 3. g3 Nf6 4. Bg2 Bb4 5. Nf3 O-O 6. O-O b6 7. a3 Bxc3 8. bxc3 Bb7 9. d3 d6 10. a4 a5 11. e4 fxe4 12. Ng5 Qe7 13. Re1 Nbd7 14. Ra2 h6 15. Nxe4 Nxe4 16. Bxe4 Bxe4 17. Rxe4 e5 18. d4 Rae8 19. Re1 Qf7 20. d5 Qg6 21. Qc2 Rf5 22. Be3 Ref8 23. Qe4 Nf6 24. Qb1 Ng4 25. Rae2 Qh5 26. h4 Nxe3 27. fxe3 Qg4 28. Rg2 Qxc4 29. e4 Rf3 30. Qb5 Qxb5 31. axb5 Rxc3 32. Ree2 Kh7 33. Rc2 Rff3 34. Rxc3 Rxc3 35. Rf2 a4 36. Rf8 Rc4 37. Ra8 Rxe4 38. Ra7 Rd4 39. h5 Rxd5 40. Rxc7 Rxb5 41. Rc6 a3 0-1


[Site "https://www.chess.com"]

[Event "Titled Tuesday Blitz May 25 2021"]
[White "Dowgird, Filip"]
[Black "Annaberdiyev, Babageldi"]
[WhiteFideId "1121235"]
[BlackFideId "14000385"]
[WhiteElo "2209"]
[BlackElo "2332"]
[Result "1/2-1/2"]
[Round "10"]
[TimeControl "180+1"]
[Date "2021.05.25"]
[WhiteClock "0:00:21"]
[BlackClock "0:00:50"]

1. d4 Nf6 2. Nf3 g6 3. Bf4 Bg7 4. e3 O-O 5. Be2 c5 6. c3 cxd4 7. cxd4 d6 8. Nc3 Nc6 9. O-O Bg4 10. h3 Bxf3 11. Bxf3 Rc8 12. Qa4 a6 13. Rac1 Re8 14. Rfd1 d5 15. a3 e6 16. b4 Nd7 17. Qb3 Nb6 18. Be2 h6 19. Na4 Nxa4 20. Qxa4 g5 21. Bg3 f5 22. b5 axb5 23. Qxb5 f4 24. Bh2 Qe7 25. Qc5 Qf7 26. Bb5 f3 27. Qd6 fxg2 28. Kxg2 Rf8 29. Qg3 e5 30. Bxc6 Rxc6 31. dxe5 Bxe5 32. Qxe5 Qxf2+ 33. Kh1 Qf3+ 34. Kg1 Qf2+ 35. Kh1 Qf3+ 36. Kg1 Qf2+ 37. Kh1 1/2-1/2


[Site "https://www.chess.com"]

[Event "Titled Tuesday Blitz May 25 2021"]
[White "Erdogdu, Mert"]
[Black "Aravindh, Chithambaram VR."]
[WhiteFideId "6301495"]
[BlackFideId "5072786"]
[WhiteElo "2485"]
[BlackElo "2600"]
[Result "1-0"]
[Round "10"]
[TimeControl "180+1"]
[Date "2021.05.25"]
[WhiteClock "0:00:23"]
[BlackClock "0:00:05"]

1. e4 g6 2. d4 Bg7 3. Nc3 d5 4. exd5 Nf6 5. Bb5+ Nbd7 6. Nf3 O-O 7. O-O Nb6 8. h3 Nbxd5 9. Re1 c6 10. Bc4 Bf5 11. Bb3 h6 12. Ne5 Qc7 13. Qf3 Rad8 14. g4 Bc8 15. Bd2 Kh7 16. Rad1 b6 17. Ne4 Bb7 18. c4 Nxe4 19. Rxe4 Nf6 20. Bf4 Nxe4 21. Qxe4 Qc8 22. Bc2 f5 23. Qg2 fxg4 24. Nxg6 Rxf4 25. Nxf4+ Kg8 26. Qe4 Rd6 27. Qh7+ Kf7 28. Bg6+ Kf8 29. Nh5 Rxg6 30. Qxg6 Bh8 31. Qxh6+ Kg8 32. Qg6+ Kf8 33. Nf4 Bf6 34. Re1 1-0


[Site "https://www.chess.com"]

[Event "Titled Tuesday Blitz May 25 2021"]
[White "Estrada Nieto, Julian"]
[Black "Maevsky, Nikolay"]
[WhiteFideId "5101018"]
[BlackFideId "4198220"]
[WhiteElo "2270"]
[BlackElo "2282"]
[Result "0-1"]
[Round "10"]
[TimeControl "180+1"]
[Date "2021.05.25"]
[WhiteClock "0:00:02"]
[BlackClock "0:00:17"]

1. e4 c6 2. d4 d5 3. Nc3 dxe4 4. Nxe4 Bf5 5. Ng3 Bg6 6. h4 h6 7. Nf3 e6 8. h5 Bh7 9. Bd3 Bxd3 10. Qxd3 Nf6 11. Bd2 Nbd7 12. O-O-O Be7 13. Ne4 Nxe4 14. Qxe4 Nf6 15. Qe2 Qd5 16. c4 Qe4 17. Qxe4 Nxe4 18. Be3 b5 19. d5 bxc4 20. dxc6 Rc8 21. Ne5 c3 22. Rd4 cxb2+ 23. Kxb2 Nd6 24. g4 Bf6 25. f4 Nb5 26. Rb4 a6 27. a4 Nc7 28. Rd1 Nd5 29. Rxd5 exd5 30. Bd4 Bxe5 31. Bxe5 f6 32. Bd4 O-O 33. Rb6 Rfe8 34. Rxa6 Re4 35. Bc5 Rc4 36. Kb3 Rxc5 0-1


[Site "https://www.chess.com"]

[Event "Titled Tuesday Blitz May 25 2021"]
[White "Ezat, Mohamed"]
[Black "Shtyka, Sergey"]
[WhiteFideId "10600906"]
[BlackFideId "4138465"]
[WhiteElo "2417"]
[BlackElo "2102"]
[Result "1/2-1/2"]
[Round "10"]
[TimeControl "180+1"]
[Date "2021.05.25"]
[WhiteClock "0:00:13"]
[BlackClock "0:00:06"]

1. d4 c5 2. d5 e5 3. e4 d6 4. Nc3 Be7 5. Bb5+ Bd7 6. a4 Bg5 7. Nf3 Bxc1 8. Qxc1 Nf6 9. O-O O-O 10. Nd2 a6 11. Bd3 Bc8 12. Nc4 Ne8 13. a5 Nd7 14. Na4 Qe7 15. f4 exf4 16. Qxf4 f6 17. Nab6 Nxb6 18. axb6 Bd7 19. Ne3 Qe5 20. Qxe5 fxe5 21. Rxf8+ Kxf8 22. Nc4 Bb5 23. Nxe5 dxe5 24. Bxb5 Nd6 25. Bd3 c4 26. Be2 Ke7 27. Ra4 Rc8 28. Bf3 Rc5 29. Be2 g6 30. h3 h5 31. h4 Kd7 32. Kh2 Ke7 33. Kh3 Kd7 34. g4 hxg4+ 35. Kxg4 Ke7 36. Kg5 Kf7 37. Kg4 Ke7 38. Kf3 Kd7 39. Ke3 Ke7 40. Rb4 Kd7 41. c3 Ke7 42. Bg4 Kf6 43. Be6 Ke7 44. Bh3 Kf6 45. Bf1 Ke7 46. Bg2 Kf6 47. Kd2 Ke7 48. b3 cxb3 49. Rxb3 Rc4 50. Kd3 Ra4 51. c4 Rxc4 52. Bf3 Rd4+ 53. Ke2 Rc4 54. Kd3 Rd4+ 55. Ke2 Nxe4 56. Re3 Nc5 57. Rxe5+ Kf6 58. Re8 Rxh4 59. Rc8 Rc4 60. d6 Ke6 61. Bxb7 Kxd6 62. Bf3 Rc3 63. b7 Nxb7 64. Rxc3 Nc5 65. Rc1 a5 66. Rg1 Ke5 67. Rg5+ Kd4 68. Rxg6 Kc3 69. Rc6 Kb4 70. Kd2 a4 71. Kc2 Nb3 72. Rb6+ Ka5 73. Rb8 Nd4+ 74. Kc3 Nxf3 75. Kc4 Ka6 76. Rb4 Ne5+ 77. Kd5 Nd7 78. Kc6 Ne5+ 79. Kd5 Ka5 80. Rb8 Nd7 81. Rb1 a3 82. Rb7 Nb6+ 83. Kc5 Na4+ 84. Kc4 Nb6+ 85. Kb3 Kb5 86. Rh7 Kc6 87. Rh6+ Kc5 88. Kxa3 Nd5 89. Kb3 Kd4 90. Rh4+ Kc5 91. Rh2 Kd4 92. Rd2+ Kc5 93. Rd1 Kd6 94. Rc1 Ke5 95. Kc4 Ne3+ 96. Kc5 Nf5 97. Re1+ Kf4 98. Kd5 Ng3 99. Kd4 Kf3 100. Kd3 Kf4 101. Re8 Nf5 102. Rf8 Ke5 103. Re8+ Kf4 104. Re6 Ng7 105. Re1 Nf5 106. Re4+ Kf3 107. Rc4 Ng3 108. Rc8 Nf5 109. Rc4 Ng3 110. Rd4 Nf5 111. Rb4 Ng3 112. Rb1 Nf5 113. Rf1+ Kg4 114. Ke4 Ng3+ 115. Ke3 Nxf1+ 1/2-1/2


[Site "https://www.chess.com"]

[Event "Titled Tuesday Blitz May 25 2021"]
[White "Fayzullaev, Akmal"]
[Black "Krivonosov, Oleg"]
[WhiteFideId "14200554"]
[BlackFideId "11600349"]
[WhiteElo "2264"]
[BlackElo "2469"]
[Result "0-1"]
[Round "10"]
[TimeControl "180+1"]
[Date "2021.05.25"]
[WhiteClock "0:00:16"]
[BlackClock "0:01:07"]

1. e4 e5 2. Nf3 Nc6 3. Bb5 Nf6 4. d3 Bc5 5. Bxc6 dxc6 6. O-O Bg4 7. Be3 Qe7 8. Nbd2 Nd7 9. h3 Bh5 10. a3 O-O 11. b4 Bb6 12. Nc4 a5 13. Bxb6 cxb6 14. c3 axb4 15. cxb4 b5 16. Ne3 Bxf3 17. Qxf3 Qf6 18. Qg3 Qg6 19. Qf3 Qf6 20. Qg4 Qe6 21. Qxe6 fxe6 22. Rfc1 h5 23. Kf1 Ra4 24. Rc3 Rfa8 25. Nc2 Kf7 26. Rd1 Ke7 27. Ke2 Rd8 28. d4 h4 29. Rcd3 Raa8 30. dxe5 Nxe5 31. Rxd8 Rxd8 32. Rxd8 Kxd8 33. Ke3 Ke7 34. Kf4 Kf6 35. Ne3 g5# 0-1


[Site "https://www.chess.com"]

[Event "Titled Tuesday Blitz May 25 2021"]
[White "Garcia, Gabriel Gonzaga"]
[Black "Weber, Samuel"]
[WhiteFideId "2138956"]
[BlackFideId "12924008"]
[WhiteElo "2240"]
[BlackElo "2240"]
[Result "0-1"]
[Round "10"]
[TimeControl "180+1"]
[Date "2021.05.25"]
[WhiteClock "0:00:07"]
[BlackClock "0:00:07"]

1. e4 c5 2. Nf3 Nc6 3. d4 cxd4 4. Nxd4 e5 5. Nb5 d6 6. Bc4 Nf6 7. O-O a6 8. N5c3 Be7 9. Bg5 Be6 10. Bd5 Nxd5 11. exd5 Bxg5 12. dxe6 fxe6 13. Ne4 Be7 14. Qh5+ g6 15. Qh6 d5 16. Qg7 Rf8 17. Ng3 Rf7 18. Qg8+ Bf8 19. Nc3 Qf6 20. Nce4 dxe4 21. Nxe4 Qe7 22. Rad1 Nd4 23. c3 O-O-O 24. cxd4 Bh6 25. Nd6+ Qxd6 26. Qxf7 exd4 27. Qxh7 Bf4 28. Qxg6 Bxh2+ 29. Kh1 Rh8 30. g3 Bxg3+ 31. Kg2 Rh2+ 32. Kf3 Qd5+ 33. Qe4 Qh5+ 34. Qg4 Qd5+ 35. Ke2 Bd6 36. Qxd4 Qb5+ 37. Rd3 Qh5+ 38. Ke1 Bc7 39. Rc3 Rh4 40. Qc5 Re4+ 41. Kd2 Qe2+ 42. Kc1 Qxf1+ 43. Kc2 Qe2+ 44. Kb3 Qb5+ 45. Qxb5 axb5 46. Rf3 Kd7 47. Rf7+ Kc6 48. Re7 e5 49. Re6+ Kd5 50. Re7 Bd6 51. Rxb7 Rf4 52. Rxb5+ Kd4 53. a4 Rxf2 54. a5 e4 55. a6 Rf8 56. Rb6 Bc5 57. Rc6 e3 58. Re6 Ra8 59. Ka4 Kd5 60. Rh6 e2 61. Rh1 Rxa6+ 62. Kb5 Re6 63. b4 Bxb4 0-1


[Site "https://www.chess.com"]

[Event "Titled Tuesday Blitz May 25 2021"]
[White "Gelman, Alexander"]
[Black "Harutjunyan, Gevorg"]
[WhiteFideId "4118316"]
[BlackFideId "13300873"]
[WhiteElo "2375"]
[BlackElo "2498"]
[Result "0-1"]
[Round "10"]
[TimeControl "180+1"]
[Date "2021.05.25"]
[WhiteClock "0:00:01"]
[BlackClock "0:00:42"]

1. d4 Nf6 2. Nc3 d5 3. Bf4 e6 4. Nb5 Na6 5. e3 Bb4+ 6. c3 Be7 7. Nf3 Nh5 8. Ne5 Nxf4 9. exf4 c6 10. Na3 Bxa3 11. bxa3 Qa5 12. Qb3 O-O 13. Bd3 c5 14. Bxa6 bxa6 15. O-O f6 16. Nf3 Bd7 17. Rab1 Qc7 18. Qb7 Rfc8 19. g3 Bb5 20. Qxc7 Rxc7 21. Rfe1 Kf7 22. Re3 Rac8 23. Rbe1 Bd7 24. dxc5 Rxc5 25. Nd4 Rxc3 26. R3e2 Rc1 27. Rxc1 Rxc1+ 28. Kg2 Rc4 29. Rd2 h6 30. Kf3 e5 31. fxe5 fxe5 32. Nb3 Ke6 33. Rb2 Bb5 34. Rd2 Rc3+ 35. Kg2 d4 36. f4 Bc4 37. Nc5+ Kd5 38. Nd7 e4 0-1


[Site "https://www.chess.com"]

[Event "Titled Tuesday Blitz May 25 2021"]
[White "Goltsev, Dmitry"]
[Black "Maly, Alexey"]
[WhiteFideId "24176710"]
[BlackFideId "14103184"]
[WhiteElo "2366"]
[BlackElo "2314"]
[Result "0-1"]
[Round "10"]
[TimeControl "180+1"]
[Date "2021.05.25"]
[WhiteClock "0:00:49"]
[BlackClock "0:00:15"]

1. e4 c6 2. d4 d5 3. Nc3 dxe4 4. Nxe4 Bf5 5. Ng3 Bg6 6. h4 h6 7. Bd3 Bxd3 8. Qxd3 Nf6 9. Nf3 Nbd7 10. O-O e6 11. Re1 Be7 12. c4 O-O 13. a3 Re8 14. Bf4 Nf8 15. h5 Qb6 16. b4 Rad8 17. c5 Qb5 18. Qxb5 cxb5 19. Rad1 Nd5 20. Bd2 Nd7 21. Ne4 Nb8 22. Nc3 Nxc3 23. Bxc3 Nc6 24. Rd2 Bf6 25. Red1 Rd5 26. g4 Red8 27. Kf1 Kf8 28. Ke2 Ke8 29. Ke3 R5d7 30. Ke4 Ne7 31. Rd3 Nd5 32. Bd2 a6 33. g5 hxg5 34. Nxg5 Bxg5 35. Bxg5 f6 36. Be3 Kf7 37. Rh1 Rh8 38. Bd2 Ne7 39. h6 g5 40. f4 f5+ 41. Kf3 g4+ 42. Kg3 Nd5 43. a4 bxa4 44. Ra3 Nf6 45. Be3 Nd5 46. Bd2 Kg6 47. Rxa4 Rdh7 48. c6 bxc6 49. Rxa6 Rxh6 50. Rxh6+ Rxh6 51. Rxc6 Rh3+ 52. Kg2 Kf6 53. Rc2 Rb3 54. Ra2 Nxb4 55. Bxb4 Rxb4 56. Rd2 Ke7 57. Kg3 Rb3+ 58. Kh4 Kf6 59. Rh2 Rd3 60. Rh1 Rxd4 61. Kg3 Rd3+ 62. Kg2 Rf3 63. Rh6+ Ke7 64. Rh7+ Kd6 65. Ra7 Rxf4 66. Kg3 Rf3+ 67. Kg2 Ke5 68. Ra5+ Kf6 69. Ra8 e5 70. Rf8+ Kg5 71. Ra8 e4 72. Ra2 Kf4 73. Rc2 g3 74. Rc8 Rf2+ 75. Kg1 e3 76. Rc4+ Kf3 77. Rc3 Ra2 78. Rc1 f4 79. Kf1 Kg4 80. Rc8 Ra1+ 81. Ke2 Ra2+ 82. Kf1 f3 83. Rg8+ Kf4 84. Rf8+ Ke4 85. Re8+ Kd4 86. Rd8+ Kc5 87. Rc8+ Kd6 88. Rc1 e2+ 89. Kg1 f2+ 90. Kg2 e1=Q 91. Rc8 f1=Q# 0-1


[Site "https://www.chess.com"]

[Event "Titled Tuesday Blitz May 25 2021"]
[White "Golubev, Mikhail"]
[Black "elcandado"]
[WhiteFideId "14100983"]
[WhiteElo "2374"]
[BlackElo "2622"]
[Result "1-0"]
[Round "10"]
[TimeControl "180+1"]
[Date "2021.05.25"]
[WhiteClock "0:00:40"]
[BlackClock "0:00:10"]

1. e4 e5 2. Nf3 Nc6 3. Bb5 a6 4. Ba4 Nf6 5. O-O Be7 6. d3 b5 7. Bb3 d6 8. a4 Bd7 9. axb5 axb5 10. Rxa8 Qxa8 11. Nc3 Na5 12. Nd5 Nxd5 13. Bxd5 c6 14. Ba2 O-O 15. Bg5 Qd8 16. Qd2 Nb7 17. Be3 c5 18. Bd5 Qc7 19. c3 Ra8 20. d4 exd4 21. cxd4 c4 22. Bg5 Bf8 23. e5 Bc6 24. Bxc6 Qxc6 25. d5 Qd7 26. Re1 Nc5 27. e6 fxe6 28. dxe6 Nxe6 29. Qd5 Re8 30. Nd4 h6 31. Nxe6 hxg5 32. Nc7+ 1-0


[Site "https://www.chess.com"]

[Event "Titled Tuesday Blitz May 25 2021"]
[White "Gontcharov, Vladislav"]
[Black "Piesik, Piotr"]
[WhiteFideId "4123492"]
[BlackFideId "1136194"]
[WhiteElo "2503"]
[BlackElo "2369"]
[Result "1-0"]
[Round "10"]
[TimeControl "180+1"]
[Date "2021.05.25"]
[WhiteClock "0:02:03"]
[BlackClock "0:02:15"]

1. e4 g6 2. d4 Bg7 3. Nc3 c6 4. h3 d6 5. Nf3 Nf6 6. Bc4 O-O 7. O-O b5 8. Bd3 Nbd7 9. a4 b4 10. Ne2 e5 11. dxe5 dxe5 12. Be3 Qe7 13. c3 Nc5 14. Bxc5 Qxc5 15. cxb4 Qxb4 16. Qc2 Nd7 17. Rfc1 c5 18. a5 Rb8 19. Rcb1 Bb7 20. Ra4 1-0


[Site "https://www.chess.com"]

[Event "Titled Tuesday Blitz May 25 2021"]
[White "Goryachkina, Aleksandra"]
[Black "Asis Gargatagli, Hipolito"]
[WhiteFideId "4147103"]
[BlackFideId "2260735"]
[WhiteElo "2441"]
[BlackElo "2557"]
[Result "0-1"]
[Round "10"]
[TimeControl "180+1"]
[Date "2021.05.25"]
[WhiteClock "0:00:28"]
[BlackClock "0:02:02"]

1. e4 e5 2. Nf3 Nc6 3. Nc3 Nf6 4. h3 g6 5. d4 exd4 6. Nxd4 Bg7 7. Be3 O-O 8. Qd2 Re8 9. f3 d5 10. Nxc6 bxc6 11. O-O-O Qe7 12. Bh6 Bh8 13. Bd3 Rb8 14. Rhe1 Qb4 15. b3 Nxe4 0-1


[Site "https://www.chess.com"]

[Event "Titled Tuesday Blitz May 25 2021"]
[White "Gracia Alvarez, Gerardo Antonio"]
[Black "Tregubov, Pavel V."]
[WhiteFideId "5109124"]
[BlackFideId "4115341"]
[WhiteElo "2148"]
[BlackElo "2423"]
[Result "1/2-1/2"]
[Round "10"]
[TimeControl "180+1"]
[Date "2021.05.25"]
[WhiteClock "0:00:16"]
[BlackClock "0:00:38"]

1. e4 e6 2. d4 d5 3. Nd2 c5 4. exd5 exd5 5. Ngf3 Nc6 6. Bb5 Qe7+ 7. Be2 Qc7 8. O-O Nf6 9. Re1 cxd4 10. Nb3 Bb4 11. Bd2 Bxd2 12. Qxd2 O-O 13. Nbxd4 Bd7 14. c3 Rae8 15. Bf1 Ne4 16. Qd3 Qb6 17. Re2 Nc5 18. Qc2 Rxe2 19. Bxe2 Ne4 20. Bd3 Re8 21. Re1 f5 22. Qb3 Qxb3 23. axb3 Kf7 24. b4 Kf6 25. Nxc6 Bxc6 26. Nd4 Bd7 27. f3 Nd6 28. Rxe8 Bxe8 29. Kf2 h6 30. h4 f4 31. Nb3 b6 32. Nd4 g5 33. hxg5+ hxg5 34. g3 a5 35. bxa5 bxa5 36. gxf4 gxf4 37. b3 Ke5 38. Ke2 Nb7 39. Bb5 Bxb5+ 40. Nxb5 Nc5 41. b4 axb4 42. cxb4 Ne6 43. Kd3 Ng5 44. Nd4 Kd6 45. Ne2 Nxf3 46. Nxf4 Ne5+ 47. Kd4 Nc6+ 48. Kc3 1/2-1/2


[Site "https://www.chess.com"]

[Event "Titled Tuesday Blitz May 25 2021"]
[White "Hebden, Mark L"]
[Black "Vogel, Roven"]
[WhiteFideId "400084"]
[BlackFideId "12908088"]
[WhiteElo "2457"]
[BlackElo "2516"]
[Result "0-1"]
[Round "10"]
[TimeControl "180+1"]
[Date "2021.05.25"]
[WhiteClock "0:01:13"]
[BlackClock "0:01:23"]

1. d4 d5 2. Nf3 Nf6 3. c4 e6 4. Bg5 Be7 5. e3 O-O 6. Nc3 h6 7. Bh4 b6 8. Bd3 Bb7 9. O-O Nbd7 10. Bg3 Nh5 11. cxd5 Nxg3 12. hxg3 exd5 13. Qe2 Re8 14. Ba6 Qc8 15. Bxb7 Qxb7 16. Rfd1 Bd6 17. Nb5 Bf8 18. Rac1 c6 19. Nc3 Rad8 20. Qc2 Bd6 21. a3 Nf6 22. b4 Rc8 23. Qf5 b5 24. g4 Qd7 25. Qxd7 Nxd7 26. g5 hxg5 27. Nxg5 Nb6 28. e4 Bf4 29. Nf3 Bxc1 30. Rxc1 dxe4 31. Ne5 f6 32. Ng6 Nc4 33. a4 a6 34. g4 e3 35. f3 Rcd8 36. axb5 axb5 37. Ne2 Ra8 38. Ngf4 Ra2 39. Re1 Kf7 40. d5 g5 0-1


[Site "https://www.chess.com"]

[Event "Titled Tuesday Blitz May 25 2021"]
[White "Indjic, Aleksandar"]
[Black "Sadhwani, Raunak"]
[WhiteFideId "911925"]
[BlackFideId "35093487"]
[WhiteElo "2643"]
[BlackElo "2514"]
[Result "1-0"]
[Round "10"]
[TimeControl "180+1"]
[Date "2021.05.25"]
[WhiteClock "0:00:45"]
[BlackClock "0:00:07"]

1. d4 c5 2. d5 e5 3. e4 d6 4. Nc3 a6 5. a4 Be7 6. g3 Bg5 7. Bxg5 Qxg5 8. Nf3 Qe7 9. h4 Nf6 10. Nd2 h5 11. Nc4 Nbd7 12. a5 Rb8 13. Be2 Nf8 14. Qd2 Bg4 15. f3 Bd7 16. Rb1 Ng6 17. b4 cxb4 18. Rxb4 O-O 19. Rb6 Ne8 20. Qg5 Nf6 21. Nxd6 Rfd8 22. Nd1 Bc8 23. Nc4 Bd7 24. Qd2 Bb5 25. Nce3 Nd7 26. c4 Nxb6 27. axb6 Bd7 28. Qa5 Rbc8 29. Nb2 Qc5 30. Qxc5 Rxc5 31. Kd2 Ra5 32. Bd3 Rc8 33. Bc2 Nf8 34. Nd3 Be8 35. Nxe5 f6 36. Nd3 Nd7 37. Rb1 Nc5 38. Nxc5 Raxc5 39. Kc3 Bd7 40. Kd4 Ra5 41. Bd3 Ra2 42. f4 a5 43. e5 a4 44. e6 Be8 45. d6 Rc6 46. c5 Kf8 47. d7 Bxd7 48. exd7 Ke7 49. Nd5+ Kxd7 50. Nb4 Rd2 51. Ke3 Rh2 52. Bf5+ 1-0


[Site "https://www.chess.com"]

[Event "Titled Tuesday Blitz May 25 2021"]
[White "Julianos82"]
[Black "Omk124"]
[WhiteElo "2334"]
[BlackElo "2540"]
[Result "0-1"]
[Round "10"]
[TimeControl "180+1"]
[Date "2021.05.25"]
[WhiteClock "0:00:07"]
[BlackClock "0:00:22"]

1. d4 Nf6 2. Nf3 g6 3. c4 Bg7 4. Nc3 d5 5. cxd5 Nxd5 6. Na4 O-O 7. Bg5 Bg4 8. e3 Nd7 9. Be2 N5b6 10. O-O h6 11. Bh4 Nxa4 12. Qxa4 c6 13. h3 Be6 14. Rfd1 Nf6 15. Bd3 Qd5 16. Bg3 a5 17. Be5 Rfd8 18. Qa3 Qd7 19. Rac1 b5 20. Qc5 Rac8 21. a3 Bb3 22. Bc2 Bxc2 23. Rxc2 Ne4 24. Qb6 c5 25. Bxg7 Kxg7 26. Qxa5 Qf5 27. Qe1 Ng5 28. Rxc5 Nxf3+ 29. gxf3 Qxf3 30. Rdc1 Rb8 31. Qf1 Rb6 32. Qg2 Qe2 33. b4 Rf6 34. Rc6 Rf5 35. R1c5 Qe1+ 36. Qf1 Qd2 37. Rxf5 gxf5 38. Qc1 Qe2 39. Qc5 e6 40. Qe5+ Kh7 41. Qf4 Rg8+ 42. Kh2 Qf1 43. h4 Qg2# 0-1


[Site "https://www.chess.com"]

[Event "Titled Tuesday Blitz May 25 2021"]
[White "Karttunen, Mika"]
[Black "Shvedova, Alexandra"]
[WhiteFideId "502081"]
[BlackFideId "54154782"]
[WhiteElo "2343"]
[BlackElo "1887"]
[Result "1-0"]
[Round "10"]
[TimeControl "180+1"]
[Date "2021.05.25"]
[WhiteClock "0:01:28"]
[BlackClock "0:01:48"]

1. c4 e6 2. Nc3 Nf6 3. e3 d5 4. b3 b6 5. Bb2 Bb7 6. Nf3 Nbd7 7. Qc2 a6 8. Be2 Be7 9. g4 Nxg4 10. Rg1 Nge5 11. Nxe5 Nxe5 12. Nxd5 exd5 13. Bxe5 Bf6 14. Qc3 Bxe5 15. Qxe5+ Qe7 16. Qxe7+ Kxe7 17. Rxg7 Rag8 18. Rg3 dxc4 19. Bxc4 Rxg3 20. hxg3 h5 21. Ke2 Rg8 22. Rc1 Rg7 23. d4 b5 24. Bd3 Kd6 25. Rc5 Rh7 26. Bxh7 f5 27. Bxf5 h4 28. gxh4 a5 29. h5 a4 30. h6 axb3 31. axb3 Bd5 32. Rxd5+ Kxd5 33. h7 b4 34. h8=Q c5 35. Qd8+ Kc6 36. Be4+ Kb5 37. Qb8+ Ka6 38. Bd3+ Ka5 39. Qa7# 1-0


[Site "https://www.chess.com"]